 Dungeon Crawl Stone Soup version 0.31.0-12-g77e489cdc1 (webtiles) character file.

Game seed: 14234760267392181524

170 Baz the Slasher (level 5, -10/47 HPs)
             Began as a Minotaur Chaos Knight on Feb 26, 2024.
             Was a Plaything of Xom.
             Mangled by an ogre
             ... wielding a +0 giant club
              (19 damage)
             ... on level 4 of the Dungeon.
             The game lasted 00:02:21 (2116 turns).

Baz the Slasher (Minotaur Chaos Knight)             Turns: 2116, Time: 00:02:21

Health: -10/47     AC: 11    Str: 18    XL:     5   Next: 25%
Magic:  4/4        EV:  8    Int:  9    God:    Xom [.....*]
Gold:   147        SH:  0    Dex: 10    Spells: 4/4 levels left

rFire   . . .        a - +0 falchion (chaos)
rCold   . . .        (no shield)
rNeg    . . .        g - +0 chain mail
rPois   .            (helmet restricted)
rElec   .            o - +0 cloak
rCorr   .            (no gloves)
SInv    .            j - +0 pair of boots
Will    .....        (no amulet) Stlth
                     (no ring)
HPRegen 0.27/turn    (no ring)
MPRegen 0.09/turn

%: no passive effects
@: no status effects
A: horns 2, retaliatory headbutt
a: Renounce Religion


You were on level 4 of the Dungeon.
You worshipped Xom.
You were Xom's teddy bear.
You visited 1 branch of the dungeon, and saw 4 of its levels.

You collected 147 gold pieces.

Inventory:

Hand Weapons
 a - a +0 falchion of chaos (weapon)
Missiles
 h - a throwing net (quivered)
Armour
 b - a +2 leather armour
 g - a +0 chain mail (worn)
 j - a +0 pair of boots (worn)
 o - a +0 cloak (worn)
Scrolls
 c - a scroll of butterflies
 e - a scroll of silence {unknown}
 f - a scroll of vulnerability {unknown}
 i - 2 scrolls of immolation {unknown}
 k - a scroll of revelation {unknown}
 l - a scroll of noise {unknown}
 m - a scroll of summoning {unknown}
 q - 2 scrolls of teleportation {unknown}
 s - a scroll of fog {unknown}
 u - a scroll of torment {unknown}
Potions
 p - a potion of might {unknown}
 r - a potion of lignification {unknown}
 t - a potion of magic {unknown}


   Skills:
 + Level 4.6 Fighting
 * Level 5.3 Long Blades
 + Level 3.6 Armour
 + Level 2.6 Dodging


You had 4 spell levels left.
You didn't know any spells.
Your spell library contained the following spells:

 Spells                   Type           Power      Damage    Failure   Level
 Magic Dart               Conj           0%         1d3       98%         1
 Summon Small Mammal      Summ           0%         N/A       98%         1
 Blink                    Tloc           0%         N/A       99%         2
 Lesser Beckoning         Tloc           0%         N/A       99%         2
 Momentum Strike          Conj/Tloc      0%         3d8       99%         2
 Searing Ray              Conj           0%         2d4       99%         2
 Call Canine Familiar     Summ           0%         N/A       100%        3
 Fulminant Prism          Conj/Alch      0%         3d5       100%        4
 Summon Blazeheart Golem  Fire/Summ      0%         N/A       100%        4


Dungeon Overview and Level Annotations

Branches:
Dungeon (4/15)
 Temple: D:4-7

Altars:


Innate Abilities, Weirdness & Mutations

You have a pair of horns on your head.
You reflexively headbutt those who attack you in melee.


Message History

Found a book of Callings and a scroll labelled LUIMOFF BUET.
There is an open door here.
There are monsters nearby!
There are monsters nearby!
The jackal bites you but does no damage.
The jackal bites you.
You barely miss the jackal.
The jackal bites you but does no damage.
The jackal barely misses you. You furiously retaliate!
You headbutt the jackal.
You kill the jackal!
You completely miss the jackal. You headbutt the jackal.
You kill the jackal!
HP restored.
You pick up a book of Callings and begin reading...
You add the spells Summon Small Mammal, Call Canine Familiar and Summon Blazeheart Golem to your library.
i - 2 scrolls labelled LUIMOFF BUET (gained 1) "See what I see, my child!"
You detect creatures!
An ogre comes into view. It is wielding a +0 giant club.
The ogre shouts!
An ogre is nearby!
An ogre is nearby!
You hit the ogre but do no damage.
The ogre seems to speed up.
You headbutt the ogre.
The ogre is moderately wounded.
The ogre hits you with a +0 giant club!
Unknown command.
It was a potion of heal wounds.
You feel much better.
Xom thinks this is hilarious!
The ogre hits you with a +0 giant club!!
Ouch! That really hurt!
A shower of butterflies erupts from you!
The ogre attacks as it pursues you!
The ogre hits you with a +0 giant club!!
* * * LOW HITPOINT WARNING * * *
It was a potion of curing.
You feel better.
Xom roars with laughter!
The ogre hits you with a +0 giant club!!
You die...
Xom snickers!

.........#
s.........#
#........#
.........##
..........
.....bb..#####.
........b......
#O# ########@##
#.........#
#.........#
#.........#
#.........#
#....†....#
########'#######
..............#
#######.#####.#


You could see an ogre (fast, ally target).

Vanquished Creatures
  A bombardier beetle (D:3)
  4 adders
  A dart slug (D:2)
  4 orcs (D:3)
  6 endoplasms
  2 giant cockroaches
  4 goblins
  2 hobgoblins
  6 jackals
  A quokka (D:1)
  3 ball pythons
  5 bats
  4 frilled lizards
  7 kobolds
  7 rats
57 creatures vanquished.

Vanquished Creatures (collateral kills)
  An orc wizard (D:3)
  3 orcs (D:3)
  A goblin (D:3)
5 creatures vanquished.

Grand Total: 62 creatures vanquished

Notes
Turn   | Place    | Note
-------+----------+-------------------------------------------
     0 | D:1      | Baz the Minotaur Chaos Knight began the quest for the Orb.
     0 | D:1      | Reached XP level 1. HP: 19/19 MP: 0/0
    51 | D:1      | XOM: potion effect (might)
    87 | D:1      | Reached XP level 2. HP: 27/27 MP: 1/1
   106 | D:1      | Reached skill level 4 in Long Blades
   563 | D:1      | XOM: summons 1 hostile shadow creature
   609 | D:1      | XOM: noise
   621 | D:1      | XOM: noise
   673 | D:2      | Reached XP level 3. HP: 30/33 MP: 2/2
   691 | D:2      | XOM: polymorph kobold -> adder
  1052 | D:2      | Reached XP level 4. HP: 40/40 MP: 3/3
  1064 | D:2      | XOM: 2-stop teleportation journey
  1375 | D:3      | XOM: stealth player
  1408 | D:3      | Reached skill level 5 in Long Blades
  1542 | D:3      | XOM: 4-stop teleportation journey
  1717 | D:3      | XOM: summons 3 friendly demons
  1719 | D:3      | Reached XP level 5. HP: 42/47 MP: 4/4
  2047 | D:3      | XOM: scenery: summon butterflies
  2105 | D:4      | XOM: divination: detect creatures
  2112 | D:4      | Noticed an ogre
  2114 | D:4      | XOM: butterfly on damage
  2116 | D:4      | Mangled by an ogre

Illustrated notes

Levels and vault maps discovered:
D:1:      minmay_arrival_diagonal_passages, layout_basic, serial_glass,
          glass_columns_c, glass_columns_b
D:2:      layout_loops_ring, minmay_close_crescents
D:3:      wander_river, layout_loops_ring, nicolae_houndstooth_variations
D:4:      layout_basic

Skill      XL: |  1  2  3  4 |
---------------+-------------+-----
Long Blades    | 4 5 |  5.3
Fighting       | 4 |  4.6
Armour         | 3 |  3.6
Dodging        | 2 |  2.6

Action                     |  1- 3 |  4- 6 || total
---------------------------+-------+-------++-------
  Melee: Falchion          |    93 |    30 ||   123
         Headbutt          |    11 |     8 ||    19
         Punch             |     2 |       ||     2
    Use: Potion            |       |     2 ||     2
   Stab: Confused          |     1 |       ||     1
 Armour: Leather armour    |    38 |       ||    38
         Chain mail        |    30 |    24 ||    54
  Dodge: Dodged            |    58 |     6 ||    64
